 Dungeon Crawl Stone Soup version 0.22.1-2-g9c5b331383 (webtiles) character file.

29386 Knicklaso the Slinger (level 13, -1/107 HPs)
             Began as a Human Berserker on Dec 6, 2018.
             Was a High Priest of Trog.
             Slain by an entropy weaver (17 damage)
             ... on level 5 of the Lair of Beasts.
             The game lasted 00:46:19 (14722 turns).

Knicklaso the Slinger (Human Berserker)            Turns: 14722, Time: 00:46:20

Health: -1/107     AC: -14   Str: 25    XL:     13   Next: 80%
Magic:  13/13      EV: 11    Int: 13    God:    Trog [*****.]
Gold:   817        SH: 13    Dex: 16    Spells: 12/12 levels left

rFire    + . .     SeeInvis .   a - +7 whip "Jygiso Muot" {protect, rElec Str+5 Int+3}
rCold    . . .     Gourm    .   T - +0 shield (curse)
rNeg     . . .     Faith    .   Y - +3 chain mail of the Hot Ocelot {+Inv Regen+ Int+3}
rPois    .         Spirit   .   (no helmet)
rElec    +         Reflect  .   V - +2 cloak {+Inv}
rCorr    .         Harm     .   q - +0 pair of gloves
MR       .....                  (no boots)
Stlth    ..........             S - amulet of regeneration
HPRegen  1.07/turn              R - ring of protection from fire
MPRegen  0.13/turn              y - +5 ring of slaying

@: corroded
A: mutation resistance 1, robust 1
a: Berserk, Trog's Hand, Brothers in Arms, Renounce Religion, Evoke Invisibility


You were on level 5 of the Lair of Beasts.
You worshipped Trog.
Trog was extremely pleased with you.
You were near starving.

You visited 2 branches of the dungeon, and saw 15 of its levels.
You also visited: Labyrinth and Volcano.

You collected 1119 gold pieces.
You spent 302 gold pieces at shops.

Inventory:

Hand Weapons
 a - the +7 whip "Jygiso Muot" (weapon) {protect, rElec Str+5 Int+3}
   (You found it on level 6 of the Dungeon)

   It protects the one who uses it against injury (+AC on strike).
   It affects your strength (+5).
   It affects your intelligence (+3).
   It insulates you from electricity.
 b - a +0 fustibalus
 r - a +8 quick blade
Missiles
 p - 95 sling bullets
Armour
 q - a +0 pair of gloves (worn)
 T - a cursed +0 shield (worn)
 V - a +2 cloak of invisibility (worn)
 Y - the +3 chain mail of the Hot Ocelot (worn) {+Inv Regen+ Int+3}
   (You found it on level 3 of the Lair of Beasts)

   It affects your intelligence (+3).
   It lets you turn invisible.
   It increases your rate of regeneration.
Jewellery
 g - a +4 ring of strength
 y - a +5 ring of slaying (right hand)
 R - a ring of protection from fire (left hand)
 S - an amulet of regeneration (around neck)
Wands
 h - a wand of digging (4)
 l - a wand of flame (33)
 W - a wand of clouds (4)
Scrolls
 d - 5 scrolls of identify
 e - 4 scrolls of fear
 k - 7 scrolls of remove curse
 m - 5 scrolls of blinking
 x - 5 scrolls of teleportation
 E - 3 scrolls of enchant armour
 I - 4 scrolls of enchant weapon
 O - a scroll of magic mapping
Potions
 f - 8 potions of curing
 n - a potion of magic
 u - 2 potions of ambrosia
 w - 5 potions of agility
 z - 2 potions of haste
 G - a potion of heal wounds
 H - 6 potions of might
 J - 2 potions of invisibility
Miscellaneous
 L - a lightning rod (4/4)
Comestibles
 c - 40 rations


   Skills:
 - Level 8.1 Fighting
 - Level 6.7(7.3) Short Blades
   Level 4.3(6.1) Long Blades
 - Level 8.4 Maces & Flails
 - Level 12.0 Slings
 - Level 6.4 Armour
 - Level 6.5 Dodging
 + Level 10.3 Shields


You had 12 spell levels left.
You didn't know any spells.
Your spell library was empty.

Dungeon Overview and Level Annotations

Branches:
Dungeon (10/15)            Temple (0/1) D:6            Lair (5/6) D:10
  Swamp (0/4) Lair:2       Spider (0/4) Lair:4
  Slime: Lair:5-6       Orc: D:9-12

Altars:
Cheibriados
Hepliaklqana
Kikubaaqudgha
Makhleb
Ru
Vehumet
Xom
Yredelemnul
The Shining One

Shops:
D:4 !   D:9 (   D:10 ?

Annotations:
Lair:2 3 runed doors, Xaept's ghost, journeyman DrTm
Lair:3 exclusion: oklob plant


Innate Abilities, Weirdness & Mutations

You are somewhat resistant to further mutation.
You are robust. (+10% HP)


Message History

You see here a minotaur skeleton.
The entropy weaver casts a spell.
The entropic weave corrodes you!
There is an open door here.
The entropy weaver casts a spell.
The entropic weave corrodes you!
The entropy weaver casts a spell.
The entropic weave corrodes you!
You hit the plant but do no damage.
You block the entropy weaver's attack. x2
The entropy weaver hits you! x2
The entropy weaver hits you! x3
* * * LOW HITPOINT WARNING * * *
The entropy weaver hits you.
* * * LOW HITPOINT WARNING * * *
You feel better. The entropy weaver hits you!
* * * LOW HITPOINT WARNING * * *
You block the entropy weaver's attack. The entropy weaver hits you.
* * * LOW HITPOINT WARNING * * *
The entropy weaver hits you!
You die...

##.##...............#....###.....
#####....P..........##....#..#.#
##.##.....................#....##
#.#..#.....................#...#
#.........PP..............PP...##
#.#.#........t............PPP..P#
#..............#....#......PP..(#
#....(.........a#...............#
#####...........@.............#.#
#.....................P..P..##
##............#..#P..P####.##
###...#.....##.###.### ###
#.####.###.#### ### ### ### ###


You could see an entropy weaver and a fire crab.

Vanquished Creatures
  A minotaur (Lab)
  Snorg (Lair:4)
  Erolcha (D:9)
  2 hydras
  A two-headed ogre (D:10)
  The ghost of hemabe the Cutter, a novice HuAr of Trog (D:7)
  Sonja (Lair:4)
  2 fire crabs (Lair:5)
  4 lindwurms (Lair:2)
  2 gargoyles (Volcano)
  2 black mambas (Lair:5)
  A molten gargoyle (Volcano)
  3 spiny frogs
  A rime drake (Lair:5)
  2 komodo dragons (Lair:4)
  A polar bear (Lair:4)
  4 hippogriffs
  16 blink frogs
  29 yaks
  A spriggan (D:7)
  A fire elemental (Volcano)
  3 basilisks
  A hungry ghost (D:8)
  6 porcupines
  5 water moccasins
  An orc warrior (D:10)
  2 ice beasts
  5 sky beasts
  7 ogres
  2 necrophages
  24 wolves (Lair:5)
  A centaur (D:6)
  10 crocodiles
  4 big kobolds
  15 bullfrogs
  A wyvern skeleton (D:10)
  3 scorpions
  9 killer bees (D:9)
  5 wights (D:9)
  A howler monkey (D:6)
  2 bullfrog zombies
  5 crimson imps
  A hound (D:4)
  A jelly (D:7)
  A bullfrog skeleton (D:4)
  A gnoll shaman (D:6)
  3 orc priests (D:6)
  2 centaur skeletons
  An iron imp (D:6)
  4 orc wizards
  7 iguanas
  8 worker ants
  A hound zombie (D:9)
  A hound skeleton (D:8)
  A worker ant zombie (D:9)
  10 adders
  8 gnolls (D:6)
  A shadow imp (D:5)
  2 oozes
  An adder skeleton (D:9)
  7 worms
  3 dart slugs
  3 leopard geckos
  14 orcs
  6 bats
  7 giant cockroaches
  3 goblins
  6 hobgoblins
  9 jackals
  4 quokkas
  7 ball pythons
  5 frilled lizards
  24 kobolds
  A quokka skeleton (D:9)
  A quokka zombie (D:5)
  6 rats
  A fungus (Lair:3)
350 creatures vanquished.

Vanquished Creatures (others)
  6 fungi
  4 plants
10 creatures vanquished.

Grand Total: 360 creatures vanquished

Notes
Turn   | Place    | Note
-------+----------+-------------------------------------------
     0 | D:1      | Knicklaso the Human Berserker began the quest for the Orb.
     0 | D:1      | Reached XP level 1. HP: 18/18 MP: 1/1
   127 | D:1      | Reached XP level 2. HP: 20/24 MP: 2/2
   369 | D:1      | Reached XP level 3. HP: 22/29 MP: 3/3
   689 | D:2      | Reached XP level 4. HP: 35/35 MP: 4/4
   857 | D:2      | Reached ** piety under Trog
  1297 | D:3      | Reached skill level 1 in Short Blades
  1401 | D:3      | Reached XP level 5. HP: 40/42 MP: 5/5
  2078 | D:4      | Reached XP level 6. HP: 48/48 MP: 6/6
  2142 | D:4      | Found an ancient bone altar of Kikubaaqudgha.
  2223 | D:4      | Found Karch's Distillery.
  2244 | D:4      | Bought a potion of heal wounds for 50 gold pieces
  2244 | D:4      | Bought a potion of might for 40 gold pieces
  2244 | D:4      | Bought a potion of curing for 30 gold pieces
  2244 | D:4      | Bought a potion of degeneration for 10 gold pieces
  2244 | D:4      | Bought a potion of lignification for 30 gold pieces
  2438 | D:4      | Got a heavy robe
  2634 | D:5      | Entered Level 5 of the Dungeon
  2780 | D:5      | Reached XP level 7. HP: 50/55 MP: 7/7
  2915 | D:5      | Reached *** piety under Trog
  3167 | D:5      | Reached skill level 5 in Fighting
  3179 | D:5      | Identified the cursed +0 robe "Leteah" {rElec} (You found
                  | it on level 4 of the Dungeon)
  3386 | D:6      | Noticed a water moccasin
  3390 | D:6      | Killed a water moccasin
  3390 | D:6      | Reached skill level 5 in Short Blades
  3513 | D:6      | Reached XP level 8. HP: 58/63 MP: 6/8
  3677 | D:6      | Got a fine whip
  3678 | D:6      | Identified the +7 whip "Jygiso Muot" {protect, rElec Str+5
                  | Int+3} (You found it on level 6 of the Dungeon)
  3796 | D:6      | Reached skill level 1 in Maces & Flails
  3954 | D:6      | Found a snail-covered altar of Cheibriados.
  4047 | D:6      | Reached XP level 9. HP: 71/71 MP: 9/9
  4095 | D:6      | Found a staircase to the Ecumenical Temple.
  4233 | D:7      | Found a runed door.
  4233 | D:7      | Noticed hemabe's ghost (novice HuAr)
  4270 | D:7      | Killed hemabe's ghost
  4317 | D:7      | Reached **** piety under Trog
  4351 | D:7      | Found a basalt altar of Yredelemnul.
  4358 | D:7      | Noticed a hippogriff
  4365 | D:7      | Killed a hippogriff
  4440 | D:7      | Found a sacrificial altar of Ru.
  4727 | D:7      | Found a glowing golden altar of the Shining One.
  4789 | D:7      | Reached XP level 10. HP: 80/80 MP: 10/10
  5086 | D:8      | Got a faintly glowing war axe
  5087 | D:8      | Identified the +5 war axe of the Vestibule of Hell
                  | {antimagic, rN++} (You found it on level 8 of the Dungeon)
  5197 | D:8      | Got a coiled bronze ring
  5203 | D:8      | Identified the ring "Xanuas" {rPois rN+ Str-4 Dex+7 SInv}
                  | (You found it on level 8 of the Dungeon)
  5426 | D:8      | Found a shadowy altar of Dithmenos.
  5428 | D:8      | Found a sparkling altar of Nemelex Xobeh.
  5428 | D:8      | Found a hazy altar of Hepliaklqana.
  5430 | D:8      | Found a shimmering altar of Xom.
  5430 | D:8      | Found a radiant altar of Vehumet.
  5430 | D:8      | Found a burning altar of Makhleb.
  5849 | D:9      | Reached skill level 1 in Slings
  5948 | D:9      | Received a gift from Trog
  5948 | D:9      | Reached skill level 2 in Slings
  6177 | D:9      | Reached skill level 3 in Slings
  6622 | D:9      | Reached skill level 4 in Slings
  6801 | D:9      | Reached ***** piety under Trog
  6804 | D:9      | Reached XP level 11. HP: 71/86 MP: 9/11
  6887 | D:9      | Received a gift from Trog
  6909 | D:9      | Reached skill level 5 in Slings
  6909 | D:9      | Reached skill level 5 in Armour
  6909 | D:9      | Reached skill level 5 in Dodging
  6932 | D:9      | Noticed Erolcha
  6959 | D:9      | Killed Erolcha
  6959 | D:9      | Reached skill level 6 in Slings
  7237 | D:9      | Found Isaegen's Weapon Emporium.
  7295 | D:10     | Entered Level 10 of the Dungeon
  7349 | D:10     | Found a staircase to the Lair.
  8075 | D:10     | Noticed a two-headed ogre
  8083 | D:10     | Killed a two-headed ogre
  8083 | D:10     | Reached skill level 7 in Slings
  8290 | D:10     | Found Vaohid's Magic Scroll Boutique.
  8293 | D:10     | Bought a scroll of torment for 97 gold pieces
  8293 | D:10     | Bought a scroll of fear for 45 gold pieces
  8570 | Lair:1   | Entered Level 1 of the Lair of Beasts
  8628 | Lair:1   | Received a gift from Trog
  9182 | Lair:1   | Reached skill level 8 in Slings
  9182 | Lair:1   | Reached skill level 1 in Shields
  9395 | Lair:1   | Reached XP level 12. HP: 90/90 MP: 12/12
  9749 | Lair:2   | Found a staircase to the Swamp.
 10144 | Lair:2   | Reached skill level 9 in Slings
 10277 | Lair:2   | Found a runed gate.
 10277 | Lair:2   | Noticed a 13-headed hydra
 10277 | Lair:2   | Noticed Xaept's ghost (journeyman DrTm)
 10278 | Lair:2   | Found a runed gate.
 10278 | Lair:2   | Noticed a 13-headed hydra
 10279 | Lair:2   | Found a runed gate.
 10293 | Lair:2   | Gained mutation: You are somewhat resistant to further
                  | mutation. [potion of mutation]
 10293 | Lair:2   | Gained mutation: You are robust. (+10% HP) [potion of
                  | mutation]
 10343 | Lair:2   | Found the +8 glaive of the Guard {elec, +Rage AC+5 SInv}
 10483 | Lair:2   | Noticed a seven-headed hydra
 10492 | Lair:2   | Killed a seven-headed hydra
 10805 | Lair:3   | Reached skill level 10 in Slings
 10952 | Lair:3   | Got a shimmering chain mail
 10953 | Lair:3   | Identified the +3 chain mail of the Hot Ocelot {+Inv Regen+
                  | Int+3} (You found it on level 3 of the Lair of Beasts)
 11217 | Lair:3   | Got a distressingly furry leather armour
 11218 | Lair:3   | Identified the +2 leather armour of Leaves {rPois rCorr}
                  | (You found it on level 3 of the Lair of Beasts)
 11264 | Lair:3   | Reached skill level 5 in Shields
 11687 | Lair:4   | Noticed a four-headed hydra
 11691 | Lair:4   | Received a gift from Trog
 11703 | Lair:4   | Killed a four-headed hydra
 11730 | Lair:4   | Found a hole to the Spider Nest.
 11765 | Lair:4   | Reached skill level 11 in Slings
 11929 | Lair:4   | Reached XP level 13. HP: 97/107 MP: 13/13
 11947 | Lair:4   | Noticed Snorg
 11968 | Lair:4   | Killed Snorg
 12048 | Lair:4   | Noticed Sonja
 12060 | Lair:4   | Killed Sonja
 12240 | Lair:4   | Found a dark tunnel.
 12248 | Volcano  | Entered a volcano
 12438 | Volcano  | Reached skill level 12 in Slings
 12873 | Lair:5   | Found a labyrinth entrance.
 12894 | Lab      | Entered a labyrinth
 13717 | Lab      | Noticed a minotaur
 13740 | Lab      | Killed a minotaur
 13771 | Lab      | Got a jewelled leather armour
 13906 | Lair:5   | Identified the cursed +1 leather armour of Indemnity
                  | {Dex+2} (You found it in a labyrinth)
 14160 | Lair:5   | Reached skill level 10 in Shields
 14183 | Lair:5   | Found a runed door.
 14657 | Lair:5   | Noticed an entropy weaver
 14722 | Lair:5   | Slain by an entropy weaver

Skill      XL: |  1  2  3  4  5  6  7  8  9 10 11 12 13 |
---------------+----------------------------------------+-----
Long Blades    | 4 |  4.3
Short Blades   | 1 2 4 5 6 |  6.7
Fighting       | 4 5 6 8 |  8.1
Maces & Flails | 3 7 8 |  8.4
Armour         | 4 6 |  6.4
Dodging        | 4 6 |  6.5
Slings         | 4 8 11 12 | 12.0
Shields        | 1 5 10 | 10.3

Action                   |  1- 3 |  4- 6 |  7- 9 | 10-12 | 13-15 || total
-------------------------+-------+-------+-------+-------+-------++-------
Melee: Falchion          |    68 |    29 |       |       |       ||    97
       Dagger            |       |   165 |   117 |       |       ||   282
       Whip              |       |       |   145 |   370 |   317 ||   832
 Fire: Fustibalus        |       |       |       |   361 |    69 ||   430
Invok: Berserk           |       |     2 |     2 |     4 |     1 ||     9
       Trog's Hand       |       |       |       |     2 |     1 ||     3
  Use: Scroll            |       |       |     4 |     6 |    12 ||    22
       Potion            |       |       |       |    16 |     3 ||    19
  Eat: Chunk             |       |     7 |    10 |    21 |     5 ||    43
       Ration            |       |       |       |     2 |     1 ||     3
Armor: Ring mail         |    18 |    61 |   101 |   107 |       ||   287
       Leather armour    |     5 |       |       |       |       ||     5
       Skin              |       |       |       |    26 |       ||    26
       Chain mail        |       |       |       |    71 |   152 ||   223
Dodge: Dodged            |    53 |   135 |   107 |   272 |   164 ||   731
Block: Shield            |       |       |       |   110 |   235 ||   345
       Rpst.: Falchion   |    21 |     4 |       |       |       ||    25
